 Dungeon Crawl Stone Soup version 0.21.0-3-g78d12a8 (console) character file.

52 removed the Scratcher (level 3, 0/15 HPs)
             Began as a Felid Abyssal Knight on Jan 14, 2018.
             Was a Believer of Lugonu.
             Succumbed to an adder's poison
             ... on level 2 of the Dungeon.
             The game lasted 00:02:46 (1894 turns).

removed the Scratcher (Felid Abyssal Knight)        Turns: 1894, Time: 00:02:47

Health: 0/15       AC:  1    Str: 10    XL:     3   Next: 60%
Magic:  5/5        EV: 18    Int: 14    God:    Lugonu [**....]
Gold:   61         SH:  0    Dex: 15    Spells: 2/2 levels left
                                        Lives:  0   Deaths: 0

rFire    . . .     SeeInvis +     - Unarmed
rCold    + . .     Gourm    .   (shield unavailable)
rNeg     . . .     Faith    .   (armour unavailable)
rPois    .         Spirit   .   (helmet unavailable)
rElec    .         Reflect  .   (cloak unavailable)
rCorr    .         Harm     .   (gloves unavailable)
MR       .....                  (boots unavailable)
Stlth    +.........             (no amulet)
HPRegen  0.05/turn              (no ring)
MPRegen  0.09/turn              (no ring)

@: lethally poisoned (0 -> -13), flying, quick
A: very small, no armour, no weapons or thrown items, stealth, claws 1, fangs 3,
see invisible, carnivore, cold resistance 1, speed 1, frail 1, shaggy fur 1,
slow metabolism 1, strong 1, sharp paws
a: Depart the Abyss, Bend Space, Renounce Religion


You were on level 2 of the Dungeon.
You worshipped Lugonu.
Lugonu was pleased with you.
You were completely stuffed.

You visited 1 branch of the dungeon, and saw 2 of its levels.
You visited the Abyss 1 time.

You collected 61 gold pieces.

Inventory:

Scrolls
 e - 2 scrolls of immolation {unknown}
 h - a scroll of amnesia {unknown}
 i - a scroll of identify {unknown}
 k - 5 scrolls of remove curse {unknown}
 m - a scroll of random uselessness {unknown}
 n - a scroll of teleportation {unknown}
 o - a scroll of enchant weapon {unknown}
Potions
 b - a potion of degeneration {unknown}
 d - a potion of curing {unknown}
 f - a potion of agility {unknown}
 l - a potion of mutation
 r - a potion of might {unknown}
Comestibles
 a - 6 rations
 s - a chunk of flesh


   Skills:
 - Level 3.0 Fighting
 - Level 3.2 Dodging
 + Level 4.0 Unarmed Combat
 - Level 1.7 Invocations


You had 2 spell levels left.
You didn't know any spells.

Dungeon Overview and Level Annotations

Branches:
Dungeon (2/15)

Altars:
Kikubaaqudgha
Qazlal


Innate Abilities, Weirdness & Mutations

You cannot wear armour.
You are incapable of wielding weapons or throwing items.
Your paws allow you to move quietly. (Stealth)
You have sharp claws.
You have razor-sharp teeth.
You have supernaturally acute eyesight. (SInv)
You are carnivorous and can eat meat at any time.
You cover ground quickly.
You are covered in fur. (AC +1)
You have a slow metabolism.
Your sharp claws are effective at attacking unaware monsters.
Your flesh is cold resistant. (rC+)
You are frail. (-10% HP)
Your muscles are strong. (Str +2)


Message History

The adder is moderately wounded.
You feel sick. The adder barely misses you.
You closely miss the adder.
The adder is moderately wounded.
The adder bites you.
You are too injured to fight recklessly!
You scratch the adder.
The adder is heavily wounded.
You feel sick. The adder bites you.
* * * LOW HITPOINT WARNING * * *
You are more poisoned.
The adder poisons you! The adder completely misses you.
It was a potion of mutation.
You feel extremely strange.
You feel frail.
You feel stronger.
You feel resistant to cold.
* * * LOW HITPOINT WARNING * * *
You feel sick. The adder completely misses you.
It was a potion of flight.
You feel very buoyant.
You fly up into the air.
You die...

÷..⌠............# #.#.# #.#
≈≈...#..........########.#.# #..
≈...##..........#........#.######
≈≈..##..........#.###......#.....
≈≈≈..#..............#.######.####
...≈.#......##.#..#.#)# #.#
..._.#..######.#..#.#.# #.#
#....#.........#.S..#.# #.#
######..#####..#@####.######.#
.............................#
##.#<########.......#.######## ..
#................#'######
##.#<......####............#
#.......# #............#
#.......# #............#
##......# #............# ......#
#............#


You could see an adder.

Vanquished Creatures
  3 adders (D:2)
  2 leopard geckos (D:2)
  A goblin (D:1)
  5 hobgoblins
  2 jackals (D:2)
  2 kobolds (D:1)
  A quokka (D:2)
  2 ball pythons
  A frilled lizard (D:2)
  4 rats
23 creatures vanquished.

Notes
Turn   | Place    | Note
-------+----------+-------------------------------------------
     0 | Abyss:1  | removed the Felid Abyssal Knight began the quest for the Orb.
     0 | Abyss:1  | Reached XP level 1. HP: 10/10 MP: 3/3
    34 | D:1      | Escaped the Abyss
   542 | D:1      | Reached XP level 2. HP: 14/14 MP: 4/4
   797 | D:2      | Found a faded altar of an unknown god.
   869 | D:2      | Found an ancient bone altar of Kikubaaqudgha.
  1163 | D:2      | Reached skill level 3 in Unarmed Combat
  1217 | D:2      | Reached XP level 3. HP: 13/17 MP: 5/5
  1424 | D:2      | Found a stormy altar of Qazlal.
  1447 | D:2      | Reached ** piety under Lugonu
  1870 | D:2      | Reached skill level 4 in Unarmed Combat
  1893 | D:2      | Gained mutation: You are frail. (-10% HP) [potion of mutation]
  1893 | D:2      | Gained mutation: Your muscles are strong. (Str +2) [potion of mutation]
  1893 | D:2      | Gained mutation: Your flesh is cold resistant. (rC+) [potion of mutation]
  1894 | D:2      | Succumbed to an adder's poison

Skill      XL: |  1  2  3 |
---------------+----------+-----
Unarmed Combat | 3 4 |  4.0
Fighting       | |  3.0
Dodging        | |  3.2
Invocations    | |  1.7

Action                   || total
-------------------------++-------
Melee: Unarmed           ||    75
       Bite              ||     6
  Use: Potion            ||     2
 Stab: Sleeping          ||     3
  Eat: Chunk             ||     9
Armor: Skin              ||     1
Dodge: Dodged            ||    48
